 Dungeon Crawl Stone Soup version 0.17-a0-1404-gb8113a6 (webtiles) character file.

72 urechis the Poker (level 4, 0/33 HPs)
             Began as a Merfolk Gladiator on June 21, 2015.
             Slain by a phantom (9 damage)
             ... on level 3 of the Dungeon.
             The game lasted 00:02:06 (1783 turns).

urechis the Poker (Merfolk Gladiator)               Turns: 1783, Time: 00:02:06

Health: 0/33       AC:  4    Str: 15    XL:     4   Next: 25%
Magic:  4/4        EV: 13    Int:  7    God:
Gold:   51         SH:  0    Dex: 15    Spells: 0 memorised, 3 levels left

rFire  . . .     SeeInvis .     a - +0 trident
rCold  . . .     Clarity  .     b - +0 leather armour
rNeg   . . .     SustAt   .     (no shield)
rPois  .         Gourm    .     c - +0 helmet
rElec  .         Spirit   .     (no cloak)
rCorr  .         Warding  .     (no gloves)
rMut   .         Stasis   .     (no boots)
MR     .....                    (no amulet)
Stlth  +.........               (no ring)
                                (no ring)

@: not resistant to hostile enchantments, very unstealthy
A: change form in water, swift swim
a: no special abilities


You were on level 3 of the Dungeon.
You were near starving.

You visited 1 branch of the dungeon, and saw 3 of its levels.

You collected 51 gold pieces.

Inventory:

Hand weapons
 a - a +0 trident (weapon)
Missiles
 e - 3 throwing nets (quivered)
Armour
 b - a +0 leather armour (worn)
 c - a +0 helmet (worn)
Jewellery
 g - an uncursed ring of protection from fire {unknown}
 s - an uncursed ring of ice {unknown}
Scrolls
 f - 3 scrolls of identify {unknown}
 i - a scroll of remove curse {unknown}
 n - a scroll of teleportation {unknown}
 o - 2 scrolls of noise {unknown}
Potions
 h - a potion of might {unknown}
 j - 2 potions of ambrosia {unknown}
 k - a potion of degeneration {unknown}
 m - 5 potions of heal wounds {unknown}
 p - a potion of poison {unknown}
 q - a potion of cancellation {unknown}
 r - a potion of lignification {unknown}
Comestibles
 d - 4 bread rations
 l - a meat ration


   Skills:
 - Level 2.1 Fighting
 + Level 7.2 Polearms
 - Level 2.0 Throwing
 - Level 4.0 Dodging


You had 3 spell levels left.
You didn't know any spells.

Dungeon Overview and Level Annotations

Branches:
Dungeon (3/15)

Altars:
Dithmenos
Elyvilon
Makhleb
Nemelex Xobeh
Qazlal
Sif Muna


Message History

Press: ? - help, Dir - move target cursor, f/p - phantom
Aim: a phantom (translocational energy, heavily damaged)
You reach to attack!
You hit the phantom.
The phantom is heavily damaged.
You hit the phantom but do no damage.
The phantom is heavily damaged.
You hit the phantom but do no damage.
The phantom is heavily damaged.
The phantom hits you!
* * * LOW HITPOINT WARNING * * *
You are too injured to fight recklessly!
You are too injured to fight recklessly!
You are too injured to fight recklessly!
You are too injured to fight recklessly!
You are too injured to fight recklessly!
You are too injured to fight recklessly!
You hit the phantom.
The phantom is severely damaged.
The phantom hits you!
You die...

#.###.#.##......# ##
#.##..#(##......# #.
#.......##......# #.
#.......##...)<.# #.
#.##.##.##......# #.
#.#..##.##......#####.
#.#.###.#####.####....
#.#.###.# #...###.###
#....@W.# #.........#
#.#.##.## #...###.#.#
#.#.##.# #...## #.#.#
# #.........#.. ... .
####.######.. ..[..
#.# #.# ##### ..# #.
###


You could see a phantom.

Vanquished Creatures
  4 adders (D:2)
  A worm (D:2)
  A giant gecko (D:1)
  6 goblins
  7 hobgoblins
  6 kobolds
  A quokka (D:3)
  5 rats
31 creatures vanquished.

Notes
Turn   | Place    | Note
--------------------------------------------------------------
     0 | D:1      | urechis the Merfolk Gladiator began the quest for the Orb.
     0 | D:1      | Reached XP level 1. HP: 16/16 MP: 1/1
    88 | D:1      | Reached skill level 5 in Polearms
   140 | D:1      | Reached XP level 2. HP: 20/22 MP: 2/2
   589 | D:2      | Found a white marble altar of Elyvilon.
   667 | D:2      | Reached skill level 6 in Polearms
   667 | D:2      | Reached XP level 3. HP: 24/27 MP: 3/3
   881 | D:2      | Found a sparkling altar of Nemelex Xobeh.
  1193 | D:2      | Found a burning altar of Makhleb.
  1375 | D:2      | Found a shadowy altar of Dithmenos.
  1398 | D:2      | Found a stormy altar of Qazlal.
  1528 | D:2      | Reached XP level 4. HP: 33/33 MP: 4/4
  1610 | D:2      | Reached skill level 7 in Polearms
  1620 | D:2      | Found a deep blue altar of Sif Muna.
  1757 | D:3      | Noticed a phantom
  1783 | D:3      | Slain by a phantom

Vault maps used:
D:1:      dpeg_arrival_windows_large_door
D:2:      elyvilon_altar_5, led_sif_pool, lemuel_doored_altar,
          old_standard_altar, overflow_temple_1_default, old_standard_altar,
          first_bread
D:3:      bloody_makhleb, uniq_terence, uniq_grinder, uniq_robin

Action                   |  1- 3 |  4- 6 || total
-------------------------+-------+-------++-------
Melee: Trident           |   101 |    31 ||   132
 Stab: Sleeping          |     1 |     1 ||     2
  Eat: Chunk             |     1 |       ||     1
